 Dungeon Crawl Stone Soup version 0.21.1-1-g345015f (webtiles) character file.

46 lysyklops the Firebug (level 3, -1/26 HPs)
             Began as a Draconian Fire Elementalist on July 25, 2018.
             Slain by an orc
             ... wielding a +0 club
              (4 damage)
             ... on level 2 of the Dungeon.
             The game lasted 00:06:37 (1725 turns).

lysyklops the Firebug (Draconian Fire Elementalist) Turns: 1725, Time: 00:06:38

Health: -1/26      AC:  6    Str: 10    XL:     3   Next: 44%
Magic:  4/6        EV: 12    Int: 16    God:
Gold:   93         SH:  0    Dex: 11    Spells: 4/7 levels left

rFire    . . .     SeeInvis .   i - +0 dagger
rCold    . . .     Gourm    .   (no shield)
rNeg     . . .     Faith    .   (armour unavailable)
rPois    .         Spirit   .   (helmet restricted)
rElec    .         Reflect  .   (no cloak)
rCorr    .         Harm     .   j - +0 pair of gloves
MR       .....                  (no boots)
Stlth    ++........             (no amulet)
HPRegen  0.08/turn              (no ring)
MPRegen  0.10/turn              (no ring)

@: no status effects
A: unfitting armour, cold-blooded, AC +5
a: no special abilities


You were on level 2 of the Dungeon.
You were not hungry.

You visited 1 branch of the dungeon, and saw 2 of its levels.

You collected 93 gold pieces.

Inventory:

Hand Weapons
 i - a +0 dagger (weapon)
Missiles
 c - 28 stones (quivered)
Armour
 j - a +0 pair of gloves (worn)
Jewellery
 k - a cursed -4 ring of dexterity {unknown}
Scrolls
 g - 2 scrolls of teleportation {unknown}
 h - 2 scrolls of identify {unknown}
Potions
 d - a potion of mutation {unknown}
 e - a potion of lignification {unknown}
 f - 2 potions of brilliance {unknown}
 l - a potion of heal wounds {unknown}
 m - a potion of curing {unknown}
Books
 a - a book of Flames

   Spells                             Type                      Level
   a - Flame Tongue                   Conjuration/Fire             1
   b - Throw Flame                    Conjuration/Fire             2
   c - Conjure Flame                  Conjuration/Fire             3
   d - Inner Flame                    Hexes/Fire                   3
   e - Sticky Flame                   Conjuration/Fire             4
   f - Fireball                       Conjuration/Fire             5
Comestibles
 b - 6 rations


   Skills:
 + Level 2.1 Dodging
 - Level 1.8 Stealth
 + Level 2.5 Spellcasting
 + Level 2.0 Conjurations
 + Level 3.4 Fire Magic


You had 4 spell levels left.
You knew the following spells:

 Your Spells              Type           Power        Failure   Level  Hunger
a - Flame Tongue          Conj/Fire      ##...        6%          1    #......
b - Throw Flame           Conj/Fire      ##....       10%         2    ##.....


Dungeon Overview and Level Annotations

Branches:
Dungeon (2/15)

Altars:


Innate Abilities, Weirdness & Mutations

Your plain brown scales are hard. (AC +5)
You cannot fit into any form of body armour.
You are cold-blooded and may be slowed by cold attacks.


Message History

The puff of frost hits you!
The orc wizard mumbles some strange words.
The orc wizard flickers and vanishes!
Deactivating autopickup; reactivate with Ctrl-A.
A magic dart appears from out of thin air!
The magic dart hits you! Something hits you but does no damage.
You closely miss something.
The orc throws a silver tomahawk.
The silver tomahawk hits you but does no damage.
Something completely misses you.
You closely miss something.
The orc throws a silver tomahawk.
The silver tomahawk hits you.
* * * LOW HITPOINT WARNING * * *
Your magical contamination has completely faded away.
An orc wizard comes into view. It is wielding a dagger.
The orc wizard shouts!
Something hits you.
* * * LOW HITPOINT WARNING * * *
The orc hits you with a club.
You die...

##########..........#.###
.................+
###.#####..###.###
#.#####..###.#
#.#........#.#
#.#.###..#.#.#
#.#.###..#.#.#
###.......>#.#.#.#
#.o@...###.....).#
##.#(..# #.#.#.###
#.#...# #.#.# #.#...#
#.#.# #.#...# #.#)####
#o#...###......####
#.#.....)..........
#.#....######......
#.#....# #......


You could see an orc wizard and an orc.

Vanquished Creatures
  A worm (D:2)
  3 dart slugs
  A leopard gecko (D:1)
  3 bats
  2 giant cockroaches (D:2)
  6 goblins
  3 hobgoblins
  A ball python (D:1)
  3 frilled lizards
  7 kobolds (D:1)
  6 rats
36 creatures vanquished.

Notes
Turn   | Place    | Note
-------+----------+-------------------------------------------
     0 | D:1      | lysyklops the Draconian Fire Elementalist began the quest for the Orb.
     0 | D:1      | Reached XP level 1. HP: 14/14 MP: 3/3
   439 | D:1      | Reached XP level 2. HP: 20/20 MP: 0/5
  1243 | D:1      | Reached XP level 3. HP: 26/26 MP: 3/6
  1658 | D:2      | Learned a level 2 spell: Throw Flame
  1725 | D:2      | Slain by an orc

Skill      XL: |  1  2  3 |
---------------+----------+-----
Dodging        | 2 |  2.1
Conjurations   | 2 |  2.0
Stealth        | |  1.8
Spellcasting   | |  2.5
Fire Magic     | |  3.4

Action                   || total
-------------------------++-------
Melee: Unarmed           ||    15
       Dagger            ||     8
 Cast: Flame Tongue      ||    61
       Throw Flame       ||     1
  Eat: Chunk             ||     3
Armor: Skin              ||    13
Dodge: Dodged            ||    22
